 Dungeon Crawl Stone Soup version 0.28.0 (webtiles) character file.

Game seed: 2232503015769287832

2398 croobank the Chopper (level 9, -17/79 HPs)
             Began as a Hill Orc Fighter on Feb 12, 2022.
             Was a Follower of Qazlal.
             Demolished by Harold (25 damage)
             ... on level 7 of the Dungeon.
             The game lasted 00:21:35 (6716 turns).

croobank the Chopper (Hill Orc Fighter)             Turns: 6716, Time: 00:21:36

Health: -17/79     AC: 13    Str: 23    XL:     9   Next: 46%
Magic:  14/14      EV:  8    Int:  8    God:    Qazlal [*.....]
Gold:   343        SH:  0    Dex: 10    Spells: 8/8 levels left

rFire   + . .      SeeInvis .   a - +0 war axe
rCold   . . .      Faith    .   c - +0 buckler
rNeg    . . .      Spirit   .   i - +0 chain mail
rPois   .          Reflect  .   (no helmet)
rElec   .          Harm     .   u - +0 cloak
rCorr   .          Rampage  .   m - +0 pair of gloves
Will    .....                   (no boots)
Stlth   ..........              z - amulet of the acrobat
HPRegen 0.23/turn               F - ring of protection from fire
MPRegen 0.14/turn               G - +4 ring of evasion

@: silenced, held, hasted, very quick
A: no striking features
a: Renounce Religion


You were on level 7 of the Dungeon.
You worshipped Qazlal.
Qazlal was aware of your devotion.
You visited 2 branches of the dungeon, and saw 8 of its levels.

You collected 343 gold pieces.

Inventory:

Hand Weapons
 a - a +0 war axe (weapon)
 t - a +3 quarterstaff of chaos
 y - a +2 vampiric dagger
 A - a +0 dire flail
 E - a +0 dagger of distortion
 J - a +2 short sword of holy wrath
 N - a +0 quarterstaff of holy wrath
Missiles
 e - 71 bolts
 f - 125 stones
 l - 20 sling bullets
 q - 2 curare-tipped darts
 w - 62 arrows
 K - 3 boomerangs (quivered)
Armour
 b - a +0 scale mail
 c - a +0 buckler (worn)
 i - a +0 chain mail (worn)
 m - a +0 pair of gloves (worn)
 u - a +0 cloak (worn)
 O - a +0 plate armour
Magical Staves
 P - a staff of earth
Jewellery
 z - an amulet of the acrobat (around neck)
 F - a ring of protection from fire (left hand)
 G - a +4 ring of evasion (right hand)
 I - a ring of flight
 L - a ring of magical power
Wands
 r - a wand of polymorph (10)
 B - a wand of charming (11)
Scrolls
 g - 4 scrolls of magic mapping
 p - 2 scrolls of amnesia
 v - 2 scrolls of fear
 x - a scroll of silence
 H - a scroll of immolation
 M - a scroll of teleportation
Potions
 d - 4 potions of might
 h - a potion of invisibility
 k - 2 potions of berserk rage {unknown}
 n - a potion of curing {unknown}
 o - 3 potions of mutation {unknown}
 s - 3 potions of cancellation
 C - a potion of heal wounds {unknown}
 D - a potion of lignification {unknown}


   Skills:
 + Level 7.5 Fighting
 + Level 7.7 Axes
 + Level 6.9 Armour
 + Level 6.9 Shields
 * Level 7.1 Invocations


You had 8 spell levels left.
You didn't know any spells.
Your spell library contained the following spells:

 Spells                   Type           Power      Damage    Failure   Level
 Confusing Touch          Hex            0%         N/A       100%        3
 Alistair's Intoxication  Tmut/Pois      0%         N/A       100%        5
 Irradiate                Conj/Tmut      0%         3d14      100%        5
 Yara's Violent Unravell  Hex/Tmut       0%         3d3       100%        5
 Enfeeble                 Hex            0%         N/A       100%        7
 Necromutation            Tmut/Necr      0%         N/A       100%        8


Dungeon Overview and Level Annotations

Branches:
Dungeon (7/15)             Temple (1/1) D:4

Altars:
Ashenzari
Cheibriados
Elyvilon
Fedhas
Gozag
Hepliaklqana
Kikubaaqudgha
Makhleb
Okawaru
Qazlal
Ru
Sif Muna
Trog
Vehumet
Wu Jian
Xom
Yredelemnul
Zin
The Shining One

Annotations:
D:7 Harold


Message History

You slash Harold!
Harold is lightly wounded.
Harold misses you.
You slash Harold!
Harold is moderately wounded.
Harold hits you but does no damage.
Harold hits you with a +6 war axe of flaming!
Harold burns you.
You hit Harold but do no damage.
Harold is moderately wounded.
The orc wizard points at you and mumbles some strange words.
The magic dart hits you but does no damage.
Harold hits you with a +6 war axe of flaming!
Harold burns you.
You hit Harold.
Harold is moderately wounded.
You block Harold's attack.
You slash Harold!
Harold is heavily wounded.
Harold hits you with a +6 war axe of flaming!
Harold burns you.
Aiming: Charm
Press: ? - help, Shift-Dir - straight line, f - orc wizard
Aim: an orc wizard, wielding a +0 dagger and wearing a +0 robe (silenced, chance to affect: 49%)
The orc wizard resists with some effort.
Harold hits you with a +6 war axe of flaming!!
* * * LOW HITPOINT WARNING * * *
Harold burns you.
* * * LOW HITPOINT WARNING * * *
The orc wizard completely misses you.
Harold throws a throwing net.
You block the throwing net.
You see here a throwing net.
You feel yourself speed up.
Harold throws a throwing net.
The throwing net hits you.
You become entangled in the net!
You struggle against the net.
You struggle against the net.
The orc wizard hits you with a +0 dagger.
* * * LOW HITPOINT WARNING * * *
Harold hits you with a +6 war axe of flaming!!
You die...

#.# #.#. #...##. #.# ...
....##.# #.# ... ....##.#
#.# .. #.#.##.# #.# # #.
#.#.##.# #.# #.#.####
#.#.##.#####.###
#......###.#.##..........
.....#.#.o@.....)..........
##. #$#.@.#.#.....####.###
#.###.#.####..# #.# ...
#.#.# #..# #.# ### #...#
#..# #.#
≈≈≈≈≈≈.######..####.#
######.#............#
#.....#.#.####†.###..# #.#
#.....# #


You could see Harold and an orc wizard.

Vanquished Creatures
  Pikel (D:6)
  Sigmund (D:2)
  A steam dragon (D:6)
  A water moccasin (D:6)
  2 sky beasts (D:5)
  A black bear (D:5)
  3 ogres
  A lemure (D:6)
  2 phantoms
  3 scorpions
  A wyvern skeleton (D:7)
  A water moccasin skeleton (D:5)
  A howler monkey (D:4)
  3 hounds
  A centaur skeleton (D:6)
  2 bullfrog skeletons
  Crazy Yiuf (D:2)
  An iguana (D:7)
  An orc wizard (D:6)
  Natasha (twice) (D:3)
  Terence (D:3)
  A mummy (D:6)
  5 adders
  5 gnolls
  A howler monkey skeleton (D:4)
  A white imp (D:6)
  4 worms
  3 dart slugs
  7 orcs
  3 ball pythons (D:1)
  3 bat zombies (D:4)
  8 endoplasms
  2 giant cockroaches
  9 goblins
  10 hobgoblins
  10 jackals
  2 quokkas (D:3)
  4 bats
  6 frilled lizards
  7 kobolds
  2 rats (D:3)
  2 rat zombies (D:4)
126 creatures vanquished.

Notes
Turn   | Place    | Note
-------+----------+-------------------------------------------
     0 | D:1      | croobank the Hill Orc Fighter began the quest for the Orb.
     0 | D:1      | Reached XP level 1. HP: 19/19 MP: 1/1
    86 | D:1      | Reached XP level 2. HP: 27/27 MP: 2/2
    86 | D:1      | Found a faded altar of an unknown god.
   338 | D:1      | Reached XP level 3. HP: 31/33 MP: 3/3
   939 | D:2      | Noticed Sigmund
   949 | D:2      | Killed Sigmund
   950 | D:2      | Reached XP level 4. HP: 23/41 MP: 4/4
   950 | D:2      | Reached XP level 5. HP: 27/47 MP: 5/5
  1102 | D:2      | Found a runed translucent door.
  1103 | D:2      | Noticed Crazy Yiuf
  1241 | D:2      | Killed Crazy Yiuf
  1242 | D:2      | Reached skill level 5 in Fighting
  1242 | D:2      | Reached XP level 6. HP: 39/56 MP: 6/6
  1373 | D:3      | Noticed Natasha
  1384 | D:3      | Killed Natasha
  1772 | D:3      | Noticed Terence
  1778 | D:3      | Killed Terence
  2028 | D:3      | Noticed Natasha
  2039 | D:3      | Killed Natasha
  2047 | D:3      | Reached skill level 5 in Axes
  2053 | D:3      | Reached skill level 5 in Shields
  2463 | D:4      | Reached skill level 5 in Armour
  2463 | D:4      | Reached XP level 7. HP: 49/61 MP: 7/7
  2651 | D:4      | Found a staircase to the Ecumenical Temple.
  2723 | D:4      | Found an ancient bone altar of Kikubaaqudgha.
  2758 | Temple   | Entered the Ecumenical Temple
  2824 | Temple   | Became a worshipper of Qazlal Stormbringer
  3077 | D:4      | Reached skill level 1 in Invocations
  3704 | D:5      | Entered Level 5 of the Dungeon
  3709 | D:5      | Got Zoutoq's Compendium of Envenoming and Moulding
  3715 | D:5      | Reached XP level 8. HP: 66/70 MP: 9/9
  4093 | D:5      | Reached * piety under Qazlal
  5036 | D:5      | Reached skill level 5 in Invocations
  5296 | D:5      | Found a hazy altar of Hepliaklqana.
  5983 | D:6      | Reached XP level 9. HP: 70/79 MP: 13/13
  6177 | D:6      | Noticed Pikel
  6193 | D:6      | Killed Pikel
  6596 | D:6      | Found a snail-covered altar of Cheibriados.
  6700 | D:7      | Noticed Harold
  6716 | D:7      | Demolished by Harold

Illustrated notes

Levels and vault maps discovered:
D:1:      minmay_arrival_loop, layout_rooms,
          ebering_ecumenical_altar_sacrificial
D:2:      layout_basic, minmay_misc_feat_four_crosses, roderic_malta_cross,
          minmay_heptomino_w4, uniq_crazy_yiuf_cottage, uniq_sigmund
D:3:      layout_basic, uniq_terence, uniq_natasha
D:4:      layout_basic, lemuel_zombie_altar_kikubaaqudgha,
          minmay_temple_entry_statues_pillars, nrook_uturn
D:5:      layout_layer_cave, nzn_hepliaklqana_mist_gate, minmay_fountain_box
D:6:      layout_rooms, chei_slow_surprise, st_stairs_10, uniq_pikel
D:7:      layout_basic, minitemple, grunt_decor_cap, uniq_harold
Temple:   eino_temple_rhombus

Skill      XL: |  1  2  3  4  5  6  7  8  9 |
---------------+----------------------------+-----
Axes           | 3 4 5 6 7 |  7.7
Fighting       | 4 5 6 7 |  7.5
Armour         | 4 5 6 |  6.9
Shields        | 4 5 6 |  6.9
Invocations    | 2 5 7 |  7.1

Action                   |  1- 3 |  4- 6 |  7- 9 || total
-------------------------+-------+-------+-------++-------
Melee: War axe           |    89 |    88 |   266 ||   443
Throw: Boomerang         |       |       |     4 ||     4
Evoke: Wand              |       |       |     1 ||     1
  Use: Potion            |     1 |     1 |     1 ||     3
       Scroll            |       |       |    13 ||    13
Armor: Scale mail        |    11 |       |       ||    11
       Chain mail        |    40 |    45 |   155 ||   240
Dodge: Dodged            |    32 |    26 |   169 ||   227
Block: Buckler           |    16 |    17 |    88 ||   121
